 Dungeon Crawl Stone Soup version 0.30-a0-702-gdf48620a09 (webtiles) character file.

Game seed: 6335807339145564777

1297 Dartaoz the Skirmisher (level 8, -2/66 HPs)
             Began as a Minotaur Hunter on Jan 21, 2023.
             Slain by a two-headed ogre
             ... wielding a +0 giant club
              (31 damage)
             ... on level 6 of the Dungeon.
             The game lasted 00:09:07 (3437 turns).

Dartaoz the Skirmisher (Minotaur Hunter)            Turns: 3437, Time: 00:09:07

Health: -2/66      AC:  5    Str: 15    XL:     8   Next: 31%
Magic:  7/7        EV: 13    Int: 12    God:
Gold:   358        SH:  0    Dex: 17    Spells: 7/7 levels left

rFire   . . .      SeeInvis .    A - +2 shortbow (freeze)
rCold   . . .      Faith    .    (shield currently unavailable)
rNeg    . . .      Spirit   .    c - +0 leather armour
rPois   .          Reflect  .    C - +1 hat
rElec   .          Harm     .    (no cloak)
rCorr   +          Rampage  .    (no gloves)
Will    .....                    g - +0 pair of boots
Stlth   ++                       j - amulet of regeneration
HPRegen 1.11/turn                u - +6 ring of intelligence
MPRegen 0.10/turn                D - ring of resist corrosion

@: invisible
A: horns 2, retaliatory headbutt
a: no special abilities


You were on level 6 of the Dungeon.
You visited 1 branch of the dungeon, and saw 6 of its levels.

You collected 358 gold pieces.

Inventory:

Hand Weapons
 a - a +0 shortbow
 A - a +2 shortbow of freezing (weapon)
Missiles
 x - a throwing net
Armour
 c - a +0 leather armour (worn)
 g - a +0 pair of boots (worn)
 C - a +1 hat (worn)
Jewellery
 j - an amulet of regeneration (around neck)
 u - a +6 ring of intelligence (left hand)
 D - a ring of resist corrosion (right hand)
Scrolls
 b - 4 scrolls of immolation
 d - 4 scrolls of vulnerability {unknown}
 k - 3 scrolls of identify {unknown}
 m - a scroll of butterflies {unknown}
 p - 2 scrolls of blinking {unknown}
 r - a scroll of enchant armour {unknown}
 v - a scroll of poison {unknown}
 w - a scroll of teleportation {unknown}
 y - a scroll of magic mapping {unknown}
 B - a scroll of enchant weapon {unknown}
Potions
 e - a potion of ambrosia {unknown}
 f - a potion of invisibility
 h - a potion of degeneration {unknown}
 i - 2 potions of heal wounds {unknown}
 l - 2 potions of curing {unknown}
 n - 2 potions of cancellation {unknown}
 o - a potion of mutation {unknown}
 q - 3 potions of brilliance {unknown}
 s - 2 potions of lignification {unknown}
 t - a potion of haste {unknown}
 z - a potion of berserk rage {unknown}
 E - a potion of might {unknown}


   Skills:
 + Level 4.1 Fighting
 + Level 10.6 Ranged Weapons
 + Level 3.1 Armour
 + Level 3.7 Dodging
 - Level 0.7 Stealth


You had 7 spell levels left.
You didn't know any spells.
Your spell library contained the following spells:

 Spells                   Type           Power      Damage    Failure   Level
 Inner Flame              Hex/Fire       0%         N/A       77%         3
 Cause Fear               Hex            0%         N/A       99%         4
 Summon Forest            Summ/Tloc      0%         N/A       100%        5
 Eringya's Noxious Bog    Tmut/Pois      0%         N/A       100%        6
 Summon Hydra             Summ           0%         N/A       100%        7
 Discord                  Hex            0%         N/A       100%        8


Dungeon Overview and Level Annotations

Branches:
Dungeon (6/15)
 Temple: D:4-7

Altars:
Kikubaaqudgha
Wu Jian
Xom


Innate Abilities, Weirdness & Mutations

You have a pair of horns on your head.
You reflexively headbutt those who attack you in melee.


Message History

The bullfrog hits you but does no damage.
You shoot an arrow. The arrow barely misses the bullfrog.
The bullfrog hits you but does no damage.
You shoot an arrow. The arrow closely misses the bullfrog.
The bullfrog completely misses you. The bullfrog hits you.
You shoot an arrow. The arrow hits the bullfrog!
The bullfrog seems to slow down.
The arrow freezes the bullfrog.
You kill the bullfrog!
Your Fighting skill increases to level 4!
Your Armour skill increases to level 3!
No target in view!
There is a large open door here.
You see here a +0 giant club.
b - 4 scrolls of immolation (gained 1)
E - a smoky golden potion You open the large door.
Found a stone staircase leading down.
There is a large open door here.
You open the door.
Found 6 atropa-tipped darts.
A two-headed ogre and a bullfrog come into view.
Found a robe.
The two-headed ogre shouts in stereo!
The bullfrog croaks.
The two-headed ogre moves out of view.
There is an open door here.
You shoot an arrow. The arrow closely misses the bullfrog.
You shoot an arrow. The arrow barely misses the bullfrog.
You shoot an arrow. The arrow hits the two-headed ogre!
The arrow freezes the two-headed ogre.
The two-headed ogre is lightly wounded.
You shoot an arrow.
The arrow hits the two-headed ogre but does no damage.
The two-headed ogre is lightly wounded.
The two-headed ogre hits you with a +0 giant club!
The two-headed ogre hits you with a +0 giant spiked club!!
You are too injured to fight recklessly!
You are too injured to fight recklessly!
You fade into invisibility!
The two-headed ogre hits you with a +0 giant club!!
You die...

##### # #...#
#. #...#
###(. #...#
......##...#
.....FO@.>.#
[.....##...#
..... #...#
###. #...# ..
#...# ##
####''####
#.#
#........#
#.#
#.≈≈..≈§.#
#.#
#.≈8..8≈.####
#.#


You could see a two-headed ogre (unable to see you) and a bullfrog (unable to
see you).

Vanquished Creatures
  Sigmund (D:5)
  A black bear (D:5)
  An ogre (D:6)
  A centaur (D:5)
  A phantom (D:4)
  3 scorpions
  2 bullfrogs (D:6)
  3 hounds (D:5)
  3 iguanas (D:5)
  3 orc wizards
  Robin (D:2)
  8 gnolls
  5 adders
  An ufetubus (D:5)
  2 worms
  2 dart slugs
  13 orcs
  8 ball pythons
  7 endoplasms
  7 giant cockroaches
  10 hobgoblins
  6 kobolds
  3 quokkas
  7 bats
  A frilled lizard (D:1)
  15 goblins
  7 rats
122 creatures vanquished.

Notes
Turn   | Place    | Note
-------+----------+-------------------------------------------
     0 | D:1      | Dartaoz the Minotaur Hunter began the quest for the Orb.
     0 | D:1      | Reached XP level 1. HP: 18/18 MP: 0/0
    85 | D:1      | Reached skill level 5 in Ranged Weapons
    85 | D:1      | Reached XP level 2. HP: 25/25 MP: 1/1
   317 | D:1      | You fall into a shaft and drop 1 floor!
   338 | D:2      | Reached XP level 3. HP: 25/30 MP: 2/2
  1082 | D:2      | Reached skill level 6 in Ranged Weapons
  1212 | D:2      | Noticed Robin
  1228 | D:2      | Reached XP level 4. HP: 33/37 MP: 3/3
  1240 | D:2      | Killed Robin
  1612 | D:3      | Found an ancient bone altar of Kikubaaqudgha.
  1988 | D:4      | Reached skill level 7 in Ranged Weapons
  1988 | D:4      | Reached XP level 5. HP: 30/42 MP: 4/4
  2361 | D:4      | Noticed a phantom
  2366 | D:4      | Killed a phantom
  2379 | D:4      | Reached skill level 8 in Ranged Weapons
  2379 | D:4      | Reached XP level 6. HP: 50/50 MP: 5/5
  2636 | D:5      | Entered Level 5 of the Dungeon
  2718 | D:5      | Reached skill level 9 in Ranged Weapons
  2733 | D:5      | Reached XP level 7. HP: 53/56 MP: 6/6
  2743 | D:5      | Found a shimmering altar of Xom.
  2743 | D:5      | Found an ornate altar of the Wu Jian Council.
  2806 | D:5      | Reached skill level 10 in Ranged Weapons
  2877 | D:5      | Noticed Sigmund
  2888 | D:5      | Killed Sigmund
  2889 | D:5      | Reached skill level 1 in Armour
  2968 | D:5      | Reached XP level 8. HP: 63/63 MP: 7/7
  3432 | D:6      | Noticed a two-headed ogre
  3437 | D:6      | Slain by a two-headed ogre

Illustrated notes

Levels and vault maps discovered:
D:1:      shiori_arrival_elements, layout_basic, grunt_decor_cap, st_stairs_8,
          supply_closet_lemuel
D:2:      cheibrodos_old_hovel, layout_basic, uniq_robin
D:3:      layout_loops_ring, kiku_gazebo_pond_becter
D:4:      layout_gridville, kennysheep_generic_room_8
D:5:      layout_cave_pools, chequers_temple_overflow_statue_of_worship,
          grunt_ministairs_6, uniq_sigmund
D:6:      layout_basic, kennysheep_generic_room_5

Skill      XL: |  1  2  3  4  5  6  7  8 |
---------------+-------------------------+-----
Ranged Weapons | 5 6 7 8 9 10 | 10.6
Fighting       | 3 4 |  4.1
Armour         | 2 3 |  3.1
Dodging        | 3 |  3.7
Stealth        | |  0.7

Action                   |  1- 3 |  4- 6 |  7- 9 || total
-------------------------+-------+-------+-------++-------
 Fire: Shortbow          |   125 |   157 |   107 ||   389
  Use: Potion            |       |       |     1 ||     1
Armor: Leather armour    |    23 |    20 |    14 ||    57
Dodge: Dodged            |    41 |    45 |    31 ||   117

Table legend: (Time is in decaauts)
 A = Elapsed time spent in this place.
 B = Non-inter-level travel time spent in this place.
 C = Inter-level travel time spent in this place.
 D = Time resting spent in this place.
 E = Time spent auto-exploring this place.
 F = Levels seen in this place.
 G = Mean time per level.
                   A        B        C        D        E       F      G
               +--------+--------+--------+--------+--------+-----+--------+
         Total |   3501 |   3463 |     38 |      0 |   2751 |   6 |  583.5 |
       Dungeon |   3501 |   3463 |     38 |      0 |   2751 |   6 |  583.5 |
               +--------+--------+--------+--------+--------+-----+--------+

Top non-repeatable levels by time:
     D:1: 832 daAuts
     D:4: 707 daAuts
     D:5: 659 daAuts
     D:2: 594 daAuts
     D:3: 574 daAuts
     D:6: 134 daAuts
